[Event "Titled Tuesday Blitz July 26 Early 2022"]
[White "Yuan, Qingyu"]
[Black "Blanco Ronquillo, Humberto L."]
[WhiteFideId "8609772"]
[BlackFideId "3504239"]
[WhiteElo "2359"]
[BlackElo "2423"]
[Result "1-0"]
[Round "09"]
[TimeControl "180+1"]
[Date "2022.07.26"]
[WhiteClock "0:00:14"]
[BlackClock "0:00:07"]

1. e4 c5 2. Nf3 Nc6 3. Bc4 g6 4. O-O Bg7 5. c3 e6 6. d4 cxd4 7. Nxd4 Nxd4 8. cxd4 Ne7 9. Nc3 d5 10. exd5 exd5 11. Bb3 h6 12. Bf4 O-O 13. Re1 Be6 14. Qd2 Kh7 15. Be5 Nc6 16. Rad1 Rc8 17. h3 Na5 18. Nb5 Nxb3 19. axb3 Qb6 20. Qd3 Bf5 21. Qf1 Rc2 22. Nd6 Be6 23. Qb5 Qxb5 24. Nxb5 a6 25. Nd6 Rc7 26. Nc4 Bxe5 27. Nxe5 Rc2 28. Nd3 b6 29. Rc1 Rfc8 30. g4 Kg7 31. Kg2 Kf6 32. Kf3 Bd7 33. Rxc2 Rxc2 34. Rc1 Rxc1 35. Nxc1 h5 36. Kg3 hxg4 37. hxg4 Bb5 38. Na2 Bd3 39. Nc3 Ke6 40. b4 Bc2 41. Kf4 f6 42. g5 Bd3 43. gxf6 Bc4 44. Kg5 Kf7 45. Nd1 1-0


[Site "https://www.chess.com"]

[Event "Titled Tuesday Blitz July 26 Early 2022"]
[White "Agasarov, Benik"]
[Black "Buscar, Michael"]
[WhiteFideId "13314823"]
[BlackFideId "2603616"]
[WhiteElo "2680"]
[BlackElo "2010"]
[Result "1-0"]
[Round "10"]
[TimeControl "180+1"]
[Date "2022.07.27"]
[WhiteClock "0:00:23"]
[BlackClock "0:00:06"]

1. e4 c5 2. Nc3 g6 3. d4 cxd4 4. Qxd4 Nf6 5. Nf3 Nc6 6. Qa4 Bg7 7. e5 Nh5 8. Qe4 f5 9. Qe2 O-O 10. Bd2 d6 11. O-O-O Nxe5 12. Nxe5 Bxe5 13. Bh6 Ng7 14. f4 Bf6 15. Nd5 Bd7 16. g3 Rc8 17. Bg2 Ba4 18. b3 Bc6 19. Kb1 Bxd5 20. Bxd5+ Kh8 21. c4 Qa5 22. Qd2 Qxd2 23. Rxd2 Rc7 24. Re1 Rb8 25. Rde2 b5 26. Rc2 e5 27. fxe5 dxe5 28. Rec1 bxc4 29. Rxc4 Rxc4 30. Rxc4 Ne8 31. Rc6 Bg7 32. Be3 Rd8 33. Bc4 Nd6 34. Bg5 Nxc4 35. Bxd8 Nd2+ 36. Kc2 Nf3 37. Rc8 h5 38. Bf6+ Kh7 39. Rc7 Nd4+ 40. Kd3 Ne6 41. Rxa7 Kh6 42. Bxg7+ Nxg7 43. Re7 e4+ 44. Ke3 h4 45. a4 hxg3 46. hxg3 Nh5 47. g4 Nf6 48. gxf5 Nd5+ 49. Kxe4 Nxe7 50. fxg6 Kxg6 51. Ke5 Kf7 52. Kd6 Ke8 53. a5 Kd8 54. a6 Nc8+ 55. Kc6 Na7+ 56. Kb6 Nc8+ 57. Kb7 Kd7 58. b4 Nd6+ 59. Kb8 Nb5 60. a7 Nxa7 61. Kxa7 Kc6 62. Ka6 Kc7 63. b5 Kb8 64. Kb6 Ka8 65. Kc7 Ka7 66. b6+ Ka8 67. b7+ Ka7 68. b8=Q+ Ka6 69. Qb6# 1-0


[Site "https://www.chess.com"]

[Event "Titled Tuesday Blitz July 26 Early 2022"]
[White "Aggelis, Nikolaos"]
[Black "Smietanska, Wiktoria"]
[WhiteFideId "4213220"]
[BlackFideId "21869359"]
[WhiteElo "2154"]
[BlackElo "1883"]
[Result "1-0"]
[Round "10"]
[TimeControl "180+1"]
[Date "2022.07.27"]
[WhiteClock "0:00:09"]
[BlackClock "0:00:01"]

1. d4 Nf6 2. Nf3 g6 3. g3 Bg7 4. Bg2 O-O 5. O-O d6 6. b3 Nbd7 7. Bb2 Re8 8. Nbd2 e5 9. e4 exd4 10. Nxd4 Qe7 11. Re1 a5 12. a4 Nc5 13. h3 Bd7 14. Kh2 Ne6 15. Nf5 gxf5 16. exf5 c6 17. fxe6 Bxe6 18. Qf3 Ng4+ 19. Qxg4 Bxg4 20. Rxe7 Rxe7 21. Bxg7 Kxg7 22. hxg4 Re2 23. Rd1 Rxf2 24. Kg1 Re2 25. Bf3 Re6 26. Kf2 d5 27. Re1 Rae8 28. Rxe6 Rxe6 29. Nf1 Kg6 30. Ne3 b6 31. Nf5 b5 32. Nd4 bxa4 33. bxa4 Rd6 34. Be2 Kf6 35. Bd3 Ke5 36. Nf3+ Ke6 37. Bxh7 c5 38. g5 Rb6 39. Bg8 Ke7 40. Ne5 f6 41. Nd3 c4 42. Nc5 fxg5 43. Bxd5 Kd6 44. Bxc4 Kxc5 45. Bb3 Kb4 46. Kf3 Rd6 47. Kg4 Rd4+ 48. Kxg5 Rd2 49. g4 Kc3 50. Kf6 Kd4 51. g5 Ke4 52. g6 Rd6+ 53. Kf7 Kf5 54. g7 Rd7+ 55. Kf8 Kf6 56. g8=N+ Kg6 57. Ne7+ Kf6 58. Nd5+ Kg6 59. Nb6 Rb7 60. Nc4 Kf6 61. Ke8 Ra7 62. Kd8 Ke6 63. Kc8 Kf5 64. Kb8 Rg7 65. Nxa5 Ke5 66. Nc6+ 1-0


[Site "https://www.chess.com"]

[Event "Titled Tuesday Blitz July 26 Early 2022"]
[White "Atakhan, Abtin"]
[Black "Kubicka, Anna"]
[WhiteFideId "22502203"]
[BlackFideId "1152254"]
[WhiteElo "2087"]
[BlackElo "2025"]
[Result "1-0"]
[Round "10"]
[TimeControl "180+1"]
[Date "2022.07.26"]
[WhiteClock "0:00:39"]
[BlackClock "0:00:09"]

1. d4 Nf6 2. c4 c5 3. d5 e6 4. Nc3 exd5 5. cxd5 d6 6. e4 g6 7. Nf3 Bg7 8. Be2 O-O 9. Be3 Bg4 10. Nd2 Bxe2 11. Qxe2 Re8 12. O-O a6 13. a4 Nbd7 14. Kh1 Rb8 15. f3 Qc7 16. a5 Ne5 17. Nc4 Nxc4 18. Qxc4 Nd7 19. Qe2 b5 20. axb6 Qxb6 21. Rxa6 Qxb2 22. Qxb2 Rxb2 23. Na4 Re2 24. Rxd6 Rxe3 25. Rxd7 Bd4 26. Rc7 Ra8 27. Nb6 Ra2 28. d6 Ree2 29. d7 Bf6 30. Nd5 Bg5 31. Rg1 Kg7 32. Nc3 Rad2 33. Nxe2 Rxe2 34. Rxc5 Be7 35. Rd5 Bd8 36. Rc1 Kf8 37. h4 h5 38. Re5 Kg7 39. Re8 Bxh4 40. d8=Q 1-0


[Site "https://www.chess.com"]

[Event "Titled Tuesday Blitz July 26 Early 2022"]
[White "Bintang, Rasyid A. Hidayat"]
[Black "Polster, Christian"]
[WhiteFideId "7105355"]
[BlackFideId "12965081"]
[WhiteElo "2382"]
[BlackElo "2256"]
[Result "1/2-1/2"]
[Round "10"]
[TimeControl "180+1"]
[Date "2022.07.27"]
[WhiteClock "0:00:02"]
[BlackClock "0:00:07"]

1. d4 Nf6 2. c4 c5 3. d5 b5 4. Nd2 d6 5. f3 g6 6. e4 Bg7 7. cxb5 a6 8. Bd3 O-O 9. Ne2 Nbd7 10. bxa6 Ne5 11. Nc4 Nxd3+ 12. Qxd3 Bxa6 13. O-O Nd7 14. Qc2 Bxc4 15. Qxc4 Qa5 16. Rd1 Rfb8 17. Bd2 Qb5 18. Qxb5 Rxb5 19. Bc3 Bxc3 20. bxc3 Rb2 21. Kf2 Raxa2 22. Rxa2 Rxa2 23. Ke3 Ne5 24. Rb1 Nc4+ 25. Kd3 Rd2+ 26. Kxc4 Rxe2 27. Rg1 Kg7 28. Kd3 Rf2 29. Ke3 Rb2 30. Kd3 f5 31. h3 Kf6 32. g3 Rh2 33. h4 fxe4+ 34. fxe4 Ke5 35. Rf1 Rg2 36. Rf3 h5 37. Re3 Rf2 38. Kc4 e6 39. dxe6 Kxe6 40. Kb5 Ke5 41. Kc6 Rg2 42. Rd3 Kxe4 43. Rxd6 Rxg3 44. c4 Rg4 45. Kxc5 Kf3 46. Rd4 Kg3 47. Kd5 Kxh4 48. c5 Rxd4+ 49. Kxd4 g5 50. c6 g4 51. c7 g3 52. c8=Q g2 53. Qc1 Kg3 54. Qg1 h4 55. Ke3 h3 56. Qf2+ Kh2 57. Kf3 Kh1 58. Qg3 g1=Q 59. Qxh3+ Qh2 60. Qf1+ Qg1 61. Qe2 Qh2 62. Qe1+ Qg1 63. Qh4+ Qh2 64. Qe1+ Qg1 65. Qxg1+ Kxg1 1/2-1/2


[Site "https://www.chess.com"]

[Event "Titled Tuesday Blitz July 26 Early 2022"]
[White "Blanco Ronquillo, Humberto L."]
[Black "Vovk, Orest"]
[WhiteFideId "3504239"]
[BlackFideId "14113490"]
[WhiteElo "2423"]
[BlackElo "2203"]
[Result "0-1"]
[Round "10"]
[TimeControl "180+1"]
[Date "2022.07.26"]
[WhiteClock "0:00:05"]
[BlackClock "0:00:09"]

1. e4 g5 2. d4 h6 3. Bd3 Bg7 4. Ne2 d5 5. Nbc3 dxe4 6. Nxe4 Nf6 7. N4g3 c5 8. dxc5 Qa5+ 9. c3 Qxc5 10. Qc2 Nc6 11. Be3 Qe5 12. O-O-O Be6 13. Kb1 Qa5 14. a3 Nd5 15. Bc1 Qb6 16. Nh5 Be5 17. f4 gxf4 18. Nhxf4 Nxf4 19. Nxf4 Bb3 20. Qe2 Bxd1 21. Rxd1 O-O-O 22. Ka2 e6 23. g3 Rd7 24. Rf1 Rhd8 25. Bc2 Qa5 26. Qh5 Bxf4 27. Qxa5 Nxa5 28. Rxf4 f5 29. Rh4 Rh8 30. Bxh6 Rdh7 31. Bg5 Rxh4 32. Bxh4 Nc6 33. b4 Kd7 34. Kb3 Ne7 35. Bd3 Ng6 36. Bb5+ Kd6 37. Bf6 Rxh2 38. Bd4 a6 39. Bc4 e5 40. Bc5+ Kc7 41. Bf7 Nh8 42. Be6 f4 43. gxf4 exf4 44. Kc4 f3 45. Kd4 f2 46. Bc4 Rh4+ 0-1


[Site "https://www.chess.com"]

[Event "Titled Tuesday Blitz July 26 Early 2022"]
[White "Bressac, Stephane"]
[Black "Rangel, Daniel"]
[WhiteFideId "655945"]
[BlackFideId "2124475"]
[WhiteElo "2321"]
[BlackElo "2225"]
[Result "1-0"]
[Round "10"]
[TimeControl "180+1"]
[Date "2022.07.27"]
[WhiteClock "0:00:18"]
[BlackClock "0:00:18"]

1. e4 c5 2. Nf3 g6 3. d4 cxd4 4. Qxd4 Nf6 5. e5 Nc6 6. Qa4 Nd5 7. Qb3 Nc7 8. Nc3 Bg7 9. Bf4 Ne6 10. Bg3 O-O 11. O-O-O a5 12. Kb1 a4 13. Nxa4 Qa5 14. Nc3 d6 15. Qb5 Qa7 16. a3 Ned4 17. Nxd4 Nxd4 18. Qd5 Nc6 19. Nb5 Qb6 20. exd6 Be6 21. Qd3 exd6 22. Qe3 Qa5 23. Bxd6 Rfd8 24. Be2 Nd4 25. Nxd4 Rxd6 26. Nb3 Rxd1+ 27. Rxd1 Qf5 28. Nd4 Qf6 29. c3 Bd5 30. Bf3 Bc4 31. Nc2 Bb3 32. Rd7 Qf5 33. Qd3 Qe6 34. Rd8+ Rxd8 35. Qxd8+ Bf8 36. Qd2 Bc5 37. Kc1 Qc4 38. Be2 Qe4 39. f3 Qe5 40. g3 Bxc2 41. Kxc2 Be3 42. Qd8+ Kg7 43. Qd3 Bg5 44. Qe4 Qd6 45. Qd4+ Qxd4 46. cxd4 Kf6 47. Kd3 Ke7 48. Kc4 Kd6 49. b4 Bc1 50. a4 Bd2 51. Bf1 b6 52. Bh3 f5 53. Bf1 Be3 54. h3 Bf2 55. g4 fxg4 56. fxg4 Be3 57. Bg2 g5 58. Be4 h6 59. a5 bxa5 60. bxa5 Kc7 61. a6 Kb6 62. Bb7 Bf4 63. Kd5 Kc7 64. Ke6 Kb6 65. d5 Kc7 66. d6+ Bxd6 67. a7 Kxb7 68. Kxd6 Kxa7 69. Ke6 Kb6 70. Kf6 Kc5 71. Kg6 Kd4 72. Kxh6 Ke4 73. Kxg5 Ke5 74. h4 Ke6 75. Kg6 Ke7 76. Kg7 Ke6 77. h5 Ke5 78. g5 Kf4 79. g6 Kf5 80. h6 Kg5 81. h7 Kf5 82. h8=Q Kg5 83. Qf8 Kh5 84. Kh7 Kg5 85. g7 Kh5 86. g8=Q Kh4 87. Qh6# 1-0


[Site "https://www.chess.com"]

[Event "Titled Tuesday Blitz July 26 Early 2022"]
[White "Bueno, Alfeu Junior Varela"]
[Black "Altman, Joshua"]
[WhiteFideId "2108879"]
[BlackFideId "426210"]
[WhiteElo "2162"]
[BlackElo "1945"]
[Result "0-1"]
[Round "10"]
[TimeControl "180+1"]
[Date "2022.07.27"]
[WhiteClock "0:00:16"]
[BlackClock "0:00:20"]

1. e4 e6 2. d4 d5 3. Nd2 Nf6 4. Bd3 c5 5. c3 cxd4 6. cxd4 Nc6 7. e5 Nd7 8. Ne2 Qb6 9. Nf3 f6 10. exf6 Nxf6 11. O-O Bd6 12. Bf4 Bxf4 13. Nxf4 Qxb2 14. Re1 O-O 15. Nxe6 Bxe6 16. Rxe6 Rae8 17. Rxe8 Rxe8 18. Rb1 Qxa2 19. Rxb7 Ne4 20. Qf1 Nd2 21. Qd1 Nxf3+ 22. Qxf3 Re1+ 23. Bf1 Rxf1+ 24. Kxf1 Qa6+ 25. Qe2 Qa1+ 26. Qe1 Qa6+ 27. Kg1 h6 28. Qb1 Qc4 29. Rc7 Qa6 30. h3 Nxd4 31. Qb8+ Kh7 32. Qf8 Qg6 33. Rxa7 Ne2+ 34. Kf1 Nd4 35. Ra8 Qb1# 0-1


[Site "https://www.chess.com"]

[Event "Titled Tuesday Blitz July 26 Early 2022"]
[White "Chandreyee, Hajra"]
[Black "Coto Mederos, Michel"]
[WhiteFideId "5056535"]
[BlackFideId "3508528"]
[WhiteElo "1721"]
[BlackElo "2427"]
[Result "0-1"]
[Round "10"]
[TimeControl "180+1"]
[Date "2022.07.27"]
[WhiteClock "0:00:33"]
[BlackClock "0:00:31"]

1. e4 d5 2. exd5 Qxd5 3. Nc3 Qa5 4. d4 Nf6 5. Bd2 c6 6. Bc4 Bf5 7. Nf3 e6 8. Ne5 Nbd7 9. f4 Bb4 10. a3 Bxc3 11. Bxc3 Qb6 12. Nxd7 Kxd7 13. Qe2 Rad8 14. h3 h5 15. O-O Kc8 16. Qe5 Bxc2 17. a4 Qc7 18. Qe2 Be4 19. a5 Bd5 20. Bd3 h4 21. b4 a6 22. Rfc1 Kb8 23. b5 cxb5 24. Bxb5 axb5 25. a6 Bc4 26. Qf2 Ne4 27. Qe3 Nxc3 28. Rxc3 b6 29. Qe4 Ka7 30. Rca3 Rd5 31. f5 Rhd8 32. fxe6 fxe6 33. Qxe6 Rxd4 34. Qf5 Qc5 35. Qxc5 bxc5 36. Re3 Rd1+ 37. Rxd1 Rxd1+ 38. Kh2 Kxa6 39. Re7 Rd2 40. Rxg7 Bd5 41. Rg4 Rxg2+ 42. Rxg2 Bxg2 43. Kxg2 b4 0-1


[Site "https://www.chess.com"]

[Event "Titled Tuesday Blitz July 26 Early 2022"]
[White "Dubov, Daniil"]
[Black "Melkumyan, Hrant"]
[WhiteFideId "24126055"]
[BlackFideId "13302485"]
[WhiteElo "2791"]
[BlackElo "2604"]
[Result "0-1"]
[Round "10"]
[TimeControl "180+1"]
[Date "2022.07.26"]
[WhiteClock "0:00:02"]
[BlackClock "0:00:08"]

1. e4 c6 2. d4 d5 3. e5 Bf5 4. Nf3 e6 5. Be2 Ne7 6. Nbd2 c5 7. dxc5 Nec6 8. Nb3 Nd7 9. O-O Nxc5 10. Nfd4 Bg6 11. Bb5 Rc8 12. Be3 Nd7 13. f4 Nxd4 14. Nxd4 a6 15. Bd3 Bxd3 16. cxd3 Bc5 17. f5 O-O 18. b4 Ba7 19. Kh1 exf5 20. e6 Bxd4 21. exd7 Bxe3 22. dxc8=Q Qxc8 23. Qf3 f4 24. Qxd5 Rd8 25. Qe4 Qd7 26. d4 g6 27. Rad1 Qd5 28. Qxd5 Rxd5 29. Rd3 Kg7 30. g3 g5 31. Kg2 Kg6 32. gxf4 Bxf4 33. Re1 a5 34. Rb1 axb4 35. Rxb4 b5 36. Rdb3 h5 37. h3 g4 38. hxg4 hxg4 39. Rc3 Bd6 40. Rb2 Rxd4 41. Rxb5 Rd2+ 42. Kf1 f6 43. Rbb3 Rxa2 44. Rd3 Be5 45. Ra3 Rb2 46. Rab3 Rc2 47. Kg1 Kg5 48. Rd1 Ra2 49. Rbd3 Rc2 50. R1d2 Rc4 51. Kg2 f5 52. Rd5 Bf4 53. Rf2 Rc3 54. Ra5 Rg3+ 55. Kf1 Rb3 56. Kg2 Rc3 57. Rf1 Rc2+ 58. Rf2 Rc4 59. Rf1 g3 60. Ra2 Kg4 61. Rf3 Rb4 62. Rf1 Re4 63. Rc2 Be5 64. Rf3 f4 65. Rf1 Re3 66. Rc8 f3+ 67. Rxf3 Re2+ 68. Kf1 Kxf3 69. Rf8+ Ke3 70. Re8 Rf2+ 71. Kg1 Ke4 72. Re7 Kf5 73. Rf7+ Bf6 74. Rf8 Ra2 75. Rg8 Bd4+ 76. Kh1 Be5 77. Kg1 Ke4 78. Rf8 Bf4 79. Kh1 Kf3 80. Re8 Ra1+ 81. Re1 Rxe1# 0-1


[Site "https://www.chess.com"]

[Event "Titled Tuesday Blitz July 26 Early 2022"]
[White "Erenberg, Ariel"]
[Black "Raja Harshit"]
[WhiteFideId "2811634"]
[BlackFideId "5089000"]
[WhiteElo "2243"]
[BlackElo "2338"]
[Result "1-0"]
[Round "10"]
[TimeControl "180+1"]
[Date "2022.07.26"]
[WhiteClock "0:00:55"]
[BlackClock "0:00:12"]

1. e4 c5 2. Nf3 d6 3. d4 cxd4 4. Nxd4 Nf6 5. Nc3 a6 6. f3 e5 7. Nb3 Be6 8. Be3 Nbd7 9. Qd2 Be7 10. O-O-O h5 11. Kb1 Rc8 12. Nd5 Bxd5 13. exd5 Nb6 14. Bxb6 Qxb6 15. Bd3 h4 16. Rhe1 Rh5 17. f4 Kf8 18. Be2 Rf5 19. g3 exf4 20. gxf4 Rxd5 21. Bd3 a5 22. Qe2 Rc7 23. Nd2 Qb4 24. Nc4 b5 25. Ne3 Rh5 26. Nf5 Bd8 27. Bxb5 Be7 28. Rxd6 Kg8 29. Nxe7+ Kh7 30. Bd3+ g6 31. Rxf6 Kg7 32. Rxf7+ Kxf7 33. Qe6+ Kf8 34. Qg8# 1-0


[Site "https://www.chess.com"]

[Event "Titled Tuesday Blitz July 26 Early 2022"]
[White "Ernst, Sipke"]
[Black "Melikyan, Gnel"]
[WhiteFideId "1004689"]
[BlackFideId "54109990"]
[WhiteElo "2436"]
[BlackElo "1772"]
[Result "1/2-1/2"]
[Round "10"]
[TimeControl "180+1"]
[Date "2022.07.26"]
[WhiteClock "0:01:22"]
[BlackClock "0:00:10"]

1. d4 d5 2. c4 dxc4 3. Nf3 Nf6 4. e3 e6 5. Bxc4 c5 6. O-O a6 7. dxc5 Qxd1 8. Rxd1 Bxc5 9. Be2 O-O 10. Nbd2 Be7 11. b3 Nbd7 12. Bb2 b5 13. a4 bxa4 14. Rxa4 Bb7 15. Nc4 Nc5 16. Ra3 Rfd8 17. Nd4 Nd5 18. Na5 Rdb8 19. Raa1 Bf6 20. Nxb7 Rxb7 21. Ra3 Nxb3 22. Rxb3 Rxb3 23. Nxb3 Bxb2 24. Bf3 a5 25. Rb1 Bc3 26. Nc5 g6 27. Na4 Bb4 28. Bxd5 exd5 29. Rd1 Rc8 30. g4 Rc4 31. h3 Bc5 32. Rxd5 Bxe3 33. Rxa5 Rc1+ 34. Kg2 Rc2 35. Kf3 Bxf2 36. Rd5 Bg1 37. Rd1 Bh2 38. Nb6 Kg7 39. Rd7 Be5 40. Rd5 Rc3+ 41. Kg2 Bc7 42. Na8 Bf4 43. Rd4 g5 44. Nb6 Rg3+ 45. Kf1 Rxh3 46. Nd5 Rf3+ 47. Ke2 Rg3 48. Nxf4 gxf4 49. Rxf4 Kg6 50. Kf2 Rc3 51. Rf5 f6 52. Ra5 Rd3 53. Kg2 h6 54. Rb5 Re3 55. Rc5 Re5 56. Rc8 Kg5 57. Kf3 Ra5 58. Rg8+ Kh4 59. Rg6 f5 60. Rxh6+ Kg5 61. Rh5+ Kg6 62. Kg3 Ra3+ 63. Kh4 fxg4 64. Rg5+ Kf6 65. Rxg4 Rf3 66. Rg3 Rf5 67. Kg4 Rg5+ 68. Kf4 Rxg3 69. Kxg3 1/2-1/2


[Site "https://www.chess.com"]

[Event "Titled Tuesday Blitz July 26 Early 2022"]
[White "Ferreira, Vitor Hugo Vieira"]
[Black "Ansh M Shah"]
[WhiteFideId "2119765"]
[BlackFideId "25033379"]
[WhiteElo "2168"]
[BlackElo "1819"]
[Result "1-0"]
[Round "10"]
[TimeControl "180+1"]
[Date "2022.07.27"]
[WhiteClock "0:00:28"]
[BlackClock "0:00:07"]

1. e4 c6 2. d4 d5 3. exd5 cxd5 4. Bd3 Nc6 5. c3 Nf6 6. Bf4 g6 7. Ne2 Bg7 8. Ng3 O-O 9. O-O Bg4 10. Qe1 Qb6 11. h3 Be6 12. Qe2 a6 13. Bc1 Rac8 14. f4 Bd7 15. f5 Rfe8 16. fxg6 hxg6 17. Kh2 e5 18. Bg5 exd4 19. Qf2 Ne5 20. Be2 Re6 21. cxd4 Nc4 22. Nc3 Rf8 23. Bxf6 Rxf6 24. Qxf6 Bxf6 25. Nxd5 Qxd4 26. Nxf6+ Kg7 27. Nxd7 Qxd7 28. Bxc4 b5 29. Bb3 Qd4 30. Rad1 Qxb2 31. Rd7 a5 32. Rfxf7+ Rxf7 33. Rxf7+ Kh6 34. Ne4 Qe5+ 35. Ng3 a4 36. Bd1 Qd4 37. Be2 Qd5 38. Rf3 b4 39. Bd3 Qe5 40. Kh1 b3 41. axb3 a3 42. Bb1 Qa1 43. Rf1 a2 44. Bxa2 Qxa2 45. Rf3 Qb1+ 46. Kh2 Qb2 47. Nf1 Qe5+ 48. Kg1 Qc5+ 49. Kh1 Qb5 50. h4 Kh5 51. Kh2 Kxh4 52. Rh3+ Kg5 53. Rg3+ Kh6 54. Ne3 Kh7 55. Ng4 Kg7 56. Re3 Qh5+ 57. Kg3 Qg5 58. Kf3 Qf5+ 59. Kg3 Qg5 60. Rd3 Qf5 61. Nf2 Qg5+ 62. Kf3 Qf5+ 63. Ke3 Qe5+ 64. Ne4 Qf5 65. g3 Qf7 66. Nc5 Qa7 67. Rd7+ Qxd7 68. Nxd7 Kf7 69. b4 Ke6 70. Nf8+ Kf7 71. Nxg6 Kxg6 72. b5 Kg5 73. b6 Kg4 74. b7 1-0


[Site "https://www.chess.com"]

[Event "Titled Tuesday Blitz July 26 Early 2022"]
[White "Gardezi, Arsal"]
[Black "Kostiukov, Alexandr"]
[WhiteFideId "30949521"]
[BlackFideId "14108100"]
[WhiteElo "1781"]
[BlackElo "2202"]
[Result "1-0"]
[Round "10"]
[TimeControl "180+1"]
[Date "2022.07.27"]
[WhiteClock "0:00:10"]
[BlackClock "0:00:01"]

1. e4 c5 2. Nf3 g6 3. d4 cxd4 4. Nxd4 Bg7 5. Be3 Nc6 6. Nc3 Nf6 7. Nxc6 bxc6 8. e5 Ng8 9. f4 Nh6 10. Bd3 d5 11. exd6 exd6 12. O-O O-O 13. Bf2 Ng4 14. Be2 Nxf2 15. Rxf2 Qb6 16. Na4 Qd4 17. c3 Qf6 18. Bf3 d5 19. Nc5 Rb8 20. Nd3 Bf5 21. Ne5 Qd6 22. g4 Be6 23. Qe1 Rfe8 24. Rd1 c5 25. Rfd2 d4 26. cxd4 Bxa2 27. dxc5 Qxc5+ 28. Kg2 Bxe5 29. fxe5 Rxe5 30. Qh4 Rbe8 31. b4 Qc4 32. Rd4 Qb3 33. R1d3 Qc2+ 34. Rd2 Qc3 35. R4d3 Qc4 36. Rd4 Qc3 37. Qf2 Be6 38. R2d3 Qc7 39. b5 Qb6 40. Bc6 Rf8 41. Rd2 Bc8 42. Qf6 Re6 43. Qf4 Rxc6 44. bxc6 Qxc6+ 45. Qf3 Qxf3+ 46. Kxf3 Be6 47. Kg3 a5 48. Rd8 a4 49. Rxf8+ Kxf8 50. Rd8+ Ke7 51. Ra8 Bb3 52. Kf4 f6 53. Ra7+ Kd6 54. Ke3 Kc5 55. Kd3 Kb4 56. Rb7+ Ka3 57. Kc3 h6 58. Rb6 Bd1 59. h3 f5 60. Rxg6 fxg4 61. hxg4 Ka2 62. Kb4 1-0


[Site "https://www.chess.com"]

[Event "Titled Tuesday Blitz July 26 Early 2022"]
[White "Gheorghiu, Calin"]
[Black "Lianes Garcia, Marcos"]
[WhiteFideId "1200305"]
[BlackFideId "32060777"]
[WhiteElo "2168"]
[BlackElo "2334"]
[Result "0-1"]
[Round "10"]
[TimeControl "180+1"]
[Date "2022.07.26"]
[WhiteClock "0:00:53"]
[BlackClock "0:00:55"]

1. b3 g6 2. Bb2 Nf6 3. g3 Bg7 4. Bg2 O-O 5. c4 c5 6. Nf3 Nc6 7. O-O d5 8. cxd5 Nxd5 9. Bxg7 Kxg7 10. d3 b6 11. Qc2 Bb7 12. a3 a5 13. Nbd2 Rc8 14. e3 f6 15. Qb2 e5 16. Rfd1 Qe7 17. Rac1 Rfd8 18. h4 h5 19. Ne4 Nc7 20. Bh3 Ne6 21. Rd2 Rc7 22. g4 hxg4 23. Bxg4 Nf8 24. Bh3 Bc8 25. Bxc8 Rcxc8 26. Kf1 Rd7 27. Ke2 Rcd8 28. Rg1 Kh8 29. h5 g5 30. Ng3 Qe6 31. e4 Qf7 32. Nf5 Ne6 33. Rdd1 Nf4+ 34. Kf1 Rxd3 35. Rxd3 Rxd3 36. Ne1 Rd8 37. Rg3 Nd4 38. Ne3 Qxh5 39. b4 Qh1+ 40. Rg1 Qh3+ 0-1


[Site "https://www.chess.com"]

[Event "Titled Tuesday Blitz July 26 Early 2022"]
[White "Golubev, Mikhail"]
[Black "Guimaraes, Wagner Peixoto"]
[WhiteFideId "14100983"]
[BlackFideId "2100940"]
[WhiteElo "2374"]
[BlackElo "2231"]
[Result "0-1"]
[Round "10"]
[TimeControl "180+1"]
[Date "2022.07.27"]
[WhiteClock "0:00:02"]
[BlackClock "0:00:06"]

1. d4 Nf6 2. c4 c5 3. Nf3 cxd4 4. Nxd4 e5 5. Nb5 d5 6. cxd5 Bc5 7. N5c3 O-O 8. g3 Qe7 9. Bg2 e4 10. O-O h6 11. Bf4 Bf5 12. Nd2 Re8 13. Nc4 a6 14. a4 Nbd7 15. Rc1 Bh7 16. Qd2 Ng4 17. h3 Nxf2 18. Rxf2 Bxf2+ 19. Kxf2 Nc5 20. Be3 Nb3 21. Qd1 Nxc1 22. Bxc1 Rac8 23. Ne3 Qf6+ 24. Kg1 Qe5 25. Qe1 Red8 26. Kh2 f5 27. Qf2 g5 28. Nf1 Rf8 29. Be3 f4 30. gxf4 gxf4 31. Bd4 Qg5 32. e3 f3 33. Bh1 Rf7 34. Qg3 Rd8 35. Qxg5+ hxg5 36. Ng3 Bg6 37. Kg1 Re7 38. Kf2 Rde8 39. Bf6 Rc7 40. Bxg5 Rc4 41. Bf4 Rf8 42. h4 Rb4 43. h5 Rxb2+ 44. Ke1 Bh7 45. h6 Rc8 0-1


[Site "https://www.chess.com"]

[Event "Titled Tuesday Blitz July 26 Early 2022"]
[White "Gunina, Valentina"]
[Black "Hansen, Eric"]
[WhiteFideId "4167570"]
[BlackFideId "2606771"]
[WhiteElo "2386"]
[BlackElo "2568"]
[Result "0-1"]
[Round "10"]
[TimeControl "180+1"]
[Date "2022.07.26"]
[WhiteClock "0:00:01"]
[BlackClock "0:00:05"]

1. d4 Nf6 2. c4 e6 3. Nf3 b6 4. g3 Ba6 5. b3 c6 6. Bg2 d5 7. Nbd2 Bb4 8. O-O O-O 9. Ne5 Bc3 10. Ba3 Bxa1 11. Qxa1 Re8 12. e4 Bb7 13. f4 Nbd7 14. Nxd7 Nxd7 15. e5 c5 16. f5 cxd4 17. Qxd4 Nc5 18. f6 dxc4 19. Qg4 g6 20. Qf4 Kh8 21. Bxc5 Bxg2 22. Bd6 c3 23. Kxg2 cxd2 24. Qxd2 g5 25. Qxg5 Rg8 26. Qh5 Qd7 27. Rf4 Rg6 28. Rh4 h6 29. Kh3 Qc6 30. Qe2 Rag8 31. Rc4 Qh1 32. Rc3 Kh7 33. Qc2 Qf1+ 34. Kh4 Kh8 35. Rc4 Qg1 36. Qd2 Qf1 0-1


[Site "https://www.chess.com"]

[Event "Titled Tuesday Blitz July 26 Early 2022"]
[White "Harsh Suresh"]
[Black "Xu, Yi"]
[WhiteFideId "45018464"]
[BlackFideId "8605564"]
[WhiteElo "2059"]
[BlackElo "2471"]
[Result "1/2-1/2"]
[Round "10"]
[TimeControl "180+1"]
[Date "2022.07.26"]
[WhiteClock "0:00:12"]
[BlackClock "0:00:09"]

1. d4 Nf6 2. Nf3 d5 3. Bf4 c5 4. c3 Nc6 5. e3 Qb6 6. Qc2 g6 7. Nbd2 Bf5 8. dxc5 Qxc5 9. Nb3 Qxe3+ 10. Bxe3 Bxc2 11. Nc5 Bg7 12. Nxb7 O-O 13. Bb5 Rfc8 14. Bxc6 Rxc6 15. Nd4 Rc7 16. Nxc2 Rxb7 17. O-O-O a5 18. f3 e5 19. Bg5 Rab8 20. b3 a4 21. Nb4 axb3 22. Bxf6 bxa2 23. Nxa2 Bxf6 24. Nb4 d4 25. Nd5 Bg5+ 26. f4 exf4 27. Kc2 Rb2+ 28. Kd3 dxc3 29. Nxc3 Rxg2 30. Rhg1 Rxg1 31. Rxg1 Bh6 32. Nd5 Rd8 33. Ke4 Kg7 34. h4 Re8+ 35. Kf3 Re5 36. Rd1 Rh5 37. Kg4 f5+ 38. Kh3 g5 39. Kg2 Rxh4 40. Ne7 f3+ 41. Kxf3 Rf4+ 42. Kg2 Kf7 43. Rd7 Bf8 44. Nc6+ Ke6 45. Rxh7 Rc4 46. Nd8+ Ke5 47. Kf3 Rc3+ 48. Ke2 Bc5 49. Rc7 Bd4 50. Nc6+ Kf4 51. Nxd4 Rxc7 52. Ne6+ Kg3 53. Nxc7 f4 54. Ne6 f3+ 55. Kf1 g4 56. Ng7 Kh2 57. Nf5 Kh3 58. Kf2 Kh2 59. Ng3 Kh3 60. Ne4 Kh4 61. Ng3 Kg5 62. Nh1 Kf4 63. Ng3 Ke5 64. Nh1 Kd4 65. Ng3 Ke5 66. Nf1 Kf5 67. Ng3+ Kf4 68. Nf1 g3+ 69. Nxg3 Kg4 70. Nf1 Kf4 71. Nd2 Ke5 72. Nxf3+ 1/2-1/2


[Site "https://www.chess.com"]

[Event "Titled Tuesday Blitz July 26 Early 2022"]
[White "Harshavardhan G B"]
[Black "Ozkan, Taha"]
[WhiteFideId "25059009"]
[BlackFideId "34577173"]
[WhiteElo "1831"]
[BlackElo "2024"]
[Result "1-0"]
[Round "10"]
[TimeControl "180+1"]
[Date "2022.07.26"]
[WhiteClock "0:01:29"]
[BlackClock "0:00:52"]

1. e4 c5 2. Nf3 e6 3. d4 cxd4 4. Nxd4 Qb6 5. Nb3 Qc7 6. Nc3 a6 7. Be3 b5 8. Bd3 Bb7 9. O-O Nf6 10. a3 d5 11. Qf3 dxe4 12. Nxe4 Nbd7 13. Rad1 Be7 14. Bf4 e5 15. Bg5 Nxe4 16. Bxe4 Bxg5 17. Bxb7 Rd8 18. Bxa6 O-O 19. Bxb5 Nb6 20. Qc6 Qb8 21. c4 Rc8 22. Qe4 f5 23. Qe2 e4 24. c5 Na8 25. Rd7 Bf6 26. Ba6 Qxb3 27. Bc4+ Qxc4 28. Qxc4+ Kh8 29. b4 Nb6 30. Qe6 Nxd7 31. Qxd7 Ra8 32. b5 Rxa3 33. c6 Rb3 34. c7 Rc3 35. b6 Be5 36. Qe7 1-0


[Site "https://www.chess.com"]